 Dungeon Crawl Stone Soup version 0.20.0-15-g7f486f2 (webtiles) character file.

309 KleinerIrrer the Poker (level 6, -1/55 HPs)
             Began as a Naga Gladiator on June 24, 2017.
             Was an Initiate of Cheibriados.
             Slain by Duvessa
             ... wielding a +2 short sword of freezing
              (5 damage)
             ... on level 5 of the Dungeon.
             The game lasted 00:14:59 (3586 turns).

KleinerIrrer the Poker (Naga Gladiator)             Turns: 3586, Time: 00:14:59

Health: -1/55      AC:  7    Str: 17    XL:     6   Next: 41%
Magic:  6/6        EV:  8    Int: 10    God:    Cheibriados [......]
Gold:   195        SH:  8    Dex: 15    Spells: 5/5 levels left

rFire    . . .     SeeInvis +   a - +0 trident
rCold    . . .     Gourm    .   q - +0 shield
rNeg     . . .     Faith    .   b - +0 leather armour
rPois    +         Spirit   .   c - +0 helmet
rElec    .         Reflect  .   p - +1 cloak
rCorr    .         Harm     .   l - +0 pair of gloves
MR       .....                  (no barding)
Stlth    ++........             (no amulet)
Regen    0.2/turn               (no ring)
MPRegen  0.1/turn               (no ring)

@: very slow
A: see invisible, deformed body, poison resistance, slowness 2, slow metabolism
1, spit poison 1, AC +2
a: Spit Poison, Bend Time, Renounce Religion


You were on level 5 of the Dungeon.
You worshipped Cheibriados.
Cheibriados was noncommittal.
You were not hungry.

You visited 2 branches of the dungeon, and saw 6 of its levels.

You collected 195 gold pieces.

Inventory:

Hand Weapons
 a - a +0 trident (weapon)
 u - a +0 dagger of speed
Missiles
 d - 3 throwing nets (quivered)
Armour
 b - a +0 leather armour (worn)
 c - a +0 helmet (worn)
 l - a +0 pair of gloves (worn)
 p - a +1 cloak (worn)
 q - a +0 shield (worn)
Jewellery
 j - an uncursed amulet of faith
Wands
 o - a wand of iceblast (7/15)
Scrolls
 g - a scroll of magic mapping
 i - a scroll of teleportation
 m - 2 scrolls of remove curse
 v - 2 scrolls of identify
 y - a scroll of recharging
Potions
 e - 2 potions of curing
 n - 2 potions of flight {unknown}
 r - a potion of invisibility {unknown}
 w - a potion of brilliance {unknown}
Comestibles
 f - 2 bread rations
 h - 3 fruits
 k - 3 chunks of flesh
 s - 2 meat rations


   Skills:
 + Level 2.7 Fighting
 + Level 4.5 Polearms
 - Level 1.7 Throwing
 + Level 1.4 Armour
 + Level 3.4 Dodging
 * Level 2.9 Stealth
 * Level 1.7 Shields


You had 5 spell levels left.
You didn't know any spells.

Dungeon Overview and Level Annotations

Branches:
Dungeon (5/15)             Temple (1/1) D:5

Altars:
Cheibriados
Dithmenos
Gozag
Nemelex Xobeh
Qazlal
Sif Muna
Uskayaw
Xom
The Shining One

Annotations:
D:2 Natasha
D:5 Duvessa


Innate Abilities, Weirdness & Mutations

You cannot wear boots.
Your serpentine skin is tough. (AC +2)
You have supernaturally acute eyesight. (SInv)
Armour fits poorly on your strangely shaped body.
Your system is resistant to poisons. (rPois)
You cover ground very slowly.
You have a slow metabolism.
You can spit poison.


Message History

The jackal bites you but does no damage.
The centaur shoots an arrow.
The arrow closely misses you. Duvessa hits you but does no damage.
The centaur shoots an arrow.
You block the arrow. Duvessa hits you but does no damage.
You block the jackal's attack. The jackal closely misses you.
Duvessa hits you but does no damage.
The jackal bites you but does no damage.
You see here an arrow.
Duvessa hits you with a short sword of freezing!
* * * LOW HITPOINT WARNING * * *
Duvessa freezes you!
* * * LOW HITPOINT WARNING * * *
You block Duvessa's attack.
There is a staircase to the Ecumenical Temple, spattered with blood here.
You can't go up here!
The centaur unwields an uncursed shortbow.
The centaur hits you.
* * * LOW HITPOINT WARNING * * *
Duvessa hits you with a short sword of freezing.
You die...

# .... #. .... #.#
....
#..##############..##
#..................#
#....c.............#
#...@e.............##
##..h(h..(..%.).....#
#....(#######......#
####### .......
.#...#. .#...# .#
..#. .# .## .# .#.


You could see Duvessa (berserk), a centaur and 2 jackals.

Vanquished Creatures
  Dowan (D:5)
  A crimson imp (D:5)
  2 worker ants (D:5)
  Ijyb (D:3)
  Natasha (D:2)
  Robin (D:3)
  A gnoll (D:4)
  An adder (D:3)
  An adder skeleton (D:5)
  4 worms
  4 dart slugs
  3 leopard geckos
  3 orcs (D:4)
  2 ball pythons
  4 giant cockroaches
  18 goblins
  6 hobgoblins
  5 jackals
  A quokka (D:3)
  6 bats
  2 frilled lizards
  3 kobolds
  6 rats
77 creatures vanquished.

Notes
Turn   | Place    | Note
-------+----------+-------------------------------------------
     0 | D:1      | KleinerIrrer the Naga Gladiator began the quest for the Orb.
     0 | D:1      | Reached XP level 1. HP: 19/19 MP: 1/1
   176 | D:1      | You fall through a shaft!
   226 | D:2      | Reached XP level 2. HP: 22/26 MP: 2/2
  1090 | D:2      | Reached XP level 3. HP: 15/32 MP: 3/3
  1866 | D:2      | Reached skill level 1 in Stealth
  2125 | D:3      | Reached XP level 4. HP: 40/40 MP: 4/4
  2129 | D:3      | Noticed Robin
  2139 | D:3      | Killed Robin
  2171 | D:3      | Reached skill level 4 in Polearms
  2382 | D:3      | Found a faded altar of an unknown god.
  2506 | D:3      | Noticed Ijyb
  2529 | D:3      | Killed Ijyb
  2529 | D:3      | Reached XP level 5. HP: 37/46 MP: 5/5
  2671 | D:3      | Noticed Natasha
  2695 | D:2      | Killed Natasha
  2699 | D:2      | Noticed Natasha
  2749 | D:3      | Reached skill level 1 in Armour
  3006 | D:3      | Reached skill level 1 in Shields
  3244 | D:5      | Entered Level 5 of the Dungeon
  3244 | D:5      | Noticed Duvessa
  3246 | D:5      | Noticed Dowan
  3253 | D:5      | Found a staircase to the Ecumenical Temple.
  3262 | Temple   | Entered the Ecumenical Temple
  3423 | Temple   | Became a worshipper of Cheibriados the Contemplative
  3455 | D:5      | Reached XP level 6. HP: 38/55 MP: 6/6
  3576 | D:5      | Killed Dowan
  3586 | D:5      | Slain by Duvessa

Skill      XL: |  1  2  3  4  5 |
---------------+----------------+-----
Stealth        | 1 2 |  2.9
Dodging        | 3 |  3.4
Polearms       | 4 |  4.5
Armour         | 1 |  1.4
Shields        | 1 |  1.7
Fighting       | |  2.7
Throwing       | |  1.7

Action                   |  1- 3 |  4- 6 || total
-------------------------+-------+-------++-------
Melee: Trident           |   155 |   191 ||   346
Throw: Throwing net      |     4 |       ||     4
  Use: Scroll            |    10 |     2 ||    12
       Potion            |       |     2 ||     2
 Stab: Sleeping          |     2 |     2 ||     4
       Distracted        |     1 |     1 ||     2
  Eat: Chunk             |     3 |     4 ||     7
Armor: Leather armour    |    74 |    89 ||   163
Dodge: Dodged            |    76 |    89 ||   165
Block: Shield            |    23 |   114 ||   137
